 Dungeon Crawl Stone Soup version 0.25.1-2-g60ff931df9 (webtiles) character file.

Game seed: 15379817003713161028

632 RaHiT the Skirmisher (level 7, 0/91 HPs)
             Began as a Purple Draconian Ice Elementalist on Sept 21, 2020.
             Was an Initiate of Sif Muna.
             Slain by a human zombie (3 damage)
             ... in an ossuary.
             The game lasted 00:24:46 (3836 turns).

RaHiT the Skirmisher (DrIE)                         Turns: 3836, Time: 00:24:47

Health: 0/91       AC: 23    Str: 10    XL:     7   Next: 24%
Magic:  16/21      EV:  2    Int: 18    God:    Sif Muna [......]
Gold:   89         SH:  0    Dex: 17    Spells: 5/13 levels left

rFire    . . .     SeeInvis .   n - +3 short sword (venom)
rCold    . . .     Gourm    .   (no shield)
rNeg     + + +     Faith    .   (armour unavailable)
rPois    +         Spirit   .   (helmet currently unavailable)
rElec    .         Reflect  .   (cloak currently unavailable)
rCorr    .         Harm     .   (gloves currently unavailable)
MR       +....     NoTele   +   (boots currently unavailable)
Stlth    ++........             (no amulet)
HPRegen  0.25/turn              z - ring of magical power
MPRegen  0.17/turn              d - +6 ring of dexterity

@: tree-form (expiring), very slightly contaminated
A: (breathe power), unfitting armour, AC +6
a: Renounce Religion


You were in an ossuary.
You worshipped Sif Muna.
Sif Muna was noncommittal.
You were not hungry.
You were a tree.
You visited 1 branch of the dungeon, and saw 4 of its levels.
You also visited: Ossuary.

You collected 89 gold pieces.

Inventory:

Hand Weapons
 n - a +3 short sword of venom (weapon)
Missiles
 f - 49 bolts
 g - 69 stones
 m - 18 arrows
 o - 5 silver boomerangs
 s - 5 boomerangs (quivered)
 u - 7 sling bullets
 x - 8 poisoned darts
Jewellery
 d - a +6 ring of dexterity (right branch)
 i - an uncursed ring of positive energy
 v - an uncursed ring of positive energy
 z - a ring of magical power (left branch)
Scrolls
 e - 4 scrolls of blinking
 k - a scroll of remove curse
 l - a scroll of noise
 q - a scroll of fear
 r - a scroll of enchant weapon
 t - a scroll of amnesia {unknown}
 w - a scroll of fog {unknown}
 A - a scroll of identify
Potions
 h - a potion of stabbing
 j - a potion of flight
Comestibles
 b - 4 rations


   Skills:
 - Level 5.0 Fighting
 + Level 3.1 Dodging
 - Level 3.0 Stealth
 - Level 3.6 Spellcasting
 - Level 2.0 Summonings
 * Level 4.7 Ice Magic
 + Level 2.3 Invocations


You had 5 spell levels left.
You knew the following spells:

 Your Spells              Type           Power        Failure   Level  Hunger
a - Freeze                Ice            ###.         2%          1    None
b - Frozen Ramparts       Ice            ###...       6%          3    ###....
c - Summon Ice Beast      Ice/Summ       ###.....     36%         4    ####...

Your spell library contained the following spells:

 Spells                   Type           Power        Failure   Level  Hunger
 Ozocubu's Armour         Chrm/Ice       ##......     17%         3    ###....
 Hailstorm                Conj/Ice       ##......     50%         4    ####...


Dungeon Overview and Level Annotations

Branches:
Dungeon (4/15)            Ossuary (1/1)
 Temple: D:4-7

Altars:
Dithmenos
Elyvilon
Makhleb
Sif Muna
Trog


Innate Abilities, Weirdness & Mutations

((You can breathe bolts of dispelling energy.))
((Your rich purple scales are hard. (AC +6)))
You cannot fit into any form of body armour.
((You are cold-blooded and may be slowed by cold attacks.))


Message History

Your transformation is almost over.
Your ice beast hits the elf zombie.
Your ice beast freezes the elf zombie.
The elf zombie resists.
The mummy hits you.
* * * LOW HITPOINT WARNING * * *
The human zombie hits you but does no damage. x2
You hit the mummy.
The mummy is almost destroyed.
Your ice beast barely misses the elf zombie.
The elf zombie closely misses your ice beast.
The human zombie hits you but does no damage.
The mummy hits you but does no damage.
The human zombie hits you but does no damage.
Your ice beast hits the elf zombie.
Your ice beast freezes the elf zombie.
The elf zombie resists.
You hit the mummy.
You destroy the mummy!
Sif Muna accepts your kill.
The elf zombie hits your ice beast but does no damage.
The human zombie hits you.
You die...

#+# ##### ###.###
##...## ##.....##
#.....# #.......#
##.....###...∩...###
#.......'...∩Z∩...'.
##.Z...###...∩...###
#.♣Z..# #.......#
##.ZY## ##.....##
##### ###.### #+#
#.# ... .....
....... #Z.....Z#


You could see an elf zombie, 2 human zombies and a friendly ice beast
(summoned).

Vanquished Creatures
  An orc warrior (D:2)
  3 elf zombies (Ossuary)
  2 centaur zombies (Ossuary)
  An iron imp (D:3)
  An orc wizard (D:2)
  2 mummies (Ossuary)
  3 gnolls (D:3)
  6 adders
  2 worms
  3 dart slugs
  3 leopard geckos
  10 orcs
  A ball python (D:2)
  3 giant cockroaches
  A hobgoblin (D:1)
  3 jackals (D:1)
  2 quokkas
  12 bats
  A frilled lizard (D:1)
  10 goblins
  11 kobolds
  10 rats
91 creatures vanquished.

Notes
Turn   | Place    | Note
-------+----------+-------------------------------------------
     0 | D:1      | RaHiT the Draconian Ice Elementalist began the quest for
                  | the Orb.
     0 | D:1      | Reached XP level 1. HP: 14/14 MP: 3/3
   158 | D:1      | Reached skill level 1 in Fighting
   184 | D:1      | Reached XP level 2. HP: 20/23 MP: 5/5
   600 | D:1      | Reached XP level 3. HP: 28/29 MP: 4/6
   838 | D:2      | Reached skill level 2 in Fighting
   924 | D:2      | Reached XP level 4. HP: 23/37 MP: 7/7
  1040 | D:2      | Noticed an orc warrior
  1073 | D:1      | Learned a level 3 spell: Frozen Ramparts
  1111 | D:1      | Learned a level 4 spell: Summon Ice Beast
  1349 | D:2      | Found a bloodstained altar of Trog.
  1484 | D:2      | Reached skill level 3 in Fighting
  1516 | D:2      | Killed an orc warrior
  1516 | D:2      | Reached skill level 4 in Fighting
  1516 | D:2      | Reached XP level 5. HP: 17/47 MP: 7/9
  2629 | D:3      | Found a shimmering blue altar of Sif Muna.
  2631 | D:3      | Found a white marble altar of Elyvilon.
  2652 | D:3      | Became a worshipper of Sif Muna the Loreminder
  2903 | D:3      | Found a shadowy altar of Dithmenos.
  2920 | D:3      | Reached XP level 6. HP: 55/55 MP: 6/10
  2962 | D:3      | Found a burning altar of Makhleb.
  2972 | D:3      | Reached skill level 5 in Fighting
  2972 | D:3      | Reached skill level 1 in Summonings
  3375 | D:4      | Found a sand-covered staircase.
  3396 | Ossuary  | Entered an ossuary
  3460 | Ossuary  | Reached skill level 1 in Invocations
  3634 | Ossuary  | Your scales start taking on a rich purple colour.
  3634 | Ossuary  | Reached XP level 7. HP: 37/61 MP: 12/12
  3829 | Ossuary  | HP: 3/91 [mummy (3)]
  3834 | Ossuary  | HP: 2/91 [mummy (1)]
  3836 | Ossuary  | Slain by a human zombie

Illustrated notes

Levels and vault maps discovered:
D:1:      lordsloth_arrival_two_stooges, layout_basic
D:2:      layout_basic, nicolae_overflow_hidden_temple,
          chequers_serial_rivers_small_b
D:3:      layout_basic, makhleb_grotto_becter, old_standard_altar,
          nicolae_dithmenos_through_a_glass_darkly, lemuel_doored_altar
D:4:      layout_cave_pods, kennysheep_mini, serial_column_ruins,
          column_ruins_hut, column_ruins_hut_pillars, column_ruins_open_tiny,
          column_ruins_columns_straight, column_ruins_grid_3,
          column_ruins_open_tiny, column_ruins_open_tiny,
          nicolae_ossuary_entry_ruins
Ossuary:  ossuary_minmay_four_chambers

Skill      XL: |  1  2  3  4  5  6  7 |
---------------+----------------------+-----
Fighting       | 1 2 4 5 |  5.0
Stealth        | 2 3 |  3.0
Dodging        | 2 3 |  3.1
Spellcasting   | 3 |  3.6
Summonings     | 2 |  2.0
Invocations    | 1 2 |  2.3
Ice Magic      | |  4.7

Action                   |  1- 3 |  4- 6 |  7- 9 || total
-------------------------+-------+-------+-------++-------
Melee: Unarmed           |    48 |       |       ||    48
       Tailslap          |     3 |    21 |     4 ||    28
       Short sword       |    26 |   134 |    48 ||   208
Throw: Stone             |     6 |    18 |       ||    24
       Boomerang         |       |    26 |     2 ||    28
 Cast: Freeze            |    27 |     9 |       ||    36
       Frozen Ramparts   |       |     3 |       ||     3
       Summon Ice Beast  |       |       |     1 ||     1
 Abil: Breathe Dispellin |       |       |     1 ||     1
  Use: Scroll            |     1 |    11 |       ||    12
       Potion            |       |       |     2 ||     2
 Stab: Sleeping          |     4 |     2 |       ||     6
       Distracted        |       |     1 |       ||     1
  Eat: Chunk             |       |     9 |       ||     9
       Ration            |       |       |     1 ||     1
Armor: Skin              |    40 |    20 |    16 ||    76
Dodge: Dodged            |    67 |    86 |    16 ||   169
